 Seeded DCSS version 0.30-a0-1094-g860fb061e7 (webtiles) character file.

Game seed: 20230414 (custom seed)

4134 a11behringer the Basher (level 10, -3/96 HPs)
             Began as a Gargoyle Berserker on Apr 14, 2023.
             Was a Priest of Trog.
             Slain by a vampire
             ... wielding a +0 vampiric halberd
              (8 damage)
             ... in a bailey on Apr 18, 2023.
             The game lasted 00:15:03 (6061 turns).

a11behringer the Basher (Gargoyle Berserker)        Turns: 6061, Time: 00:15:03

Health: -3/96      AC: 22    Str: 24    XL:     10   Next: 27%
Magic:  10/10      EV: 13    Int: 15    God:    Trog [***...]
Gold:   271        SH:  0    Dex:  9    Spells: 9/9 levels left

rFire   . . .      SeeInvis .    C - +0 dire flail
rCold   . . .      Faith    .    (shield currently unavailable)
rNeg    + . .      Spirit   .    d - +0 plate armour
rPois   ∞          Reflect  .    (no helmet)
rElec   +          Rampage  .    (no cloak)
rCorr   .                        o - +1 pair of gloves
Will    ++...                    (no boots) Stlth
                                 (no amulet)
HPRegen 1.36/turn                l - +6 ring of intelligence
MPRegen 0.12/turn                t - +5 ring of evasion

@: berserking, strong-willed, regenerating, very quick
A: sickness immunity, AC +7, negative energy resistance 1, electricity
resistance, torment resistance 1, petrification resistance
a: Renounce Religion, Berserk, Trog's Hand


You were in a bailey.
You worshipped Trog.
Trog was most pleased with you.
You visited 1 branch of the dungeon, and saw 8 of its levels.
You also visited: Bailey.

You collected 271 gold pieces.

Inventory:

Hand Weapons
 a - a +1 heavy mace
 x - a +0 flail of protection
 y - a +0 shortbow
 C - a +0 dire flail (weapon)
Armour
 b - a +0 animal skin
 d - a +0 plate armour (worn)
 e - a +0 leather armour
 j - a +0 pair of gloves
 o - a +1 pair of gloves (worn)
Jewellery
 l - a +6 ring of intelligence (left hand)
 t - a +5 ring of evasion (right hand)
 v - a ring of fire
Wands
 w - a wand of mindburst (12)
 A - a wand of charming (2)
 B - a wand of light (2)
Scrolls
 g - 4 scrolls of teleportation
 h - 2 scrolls of enchant weapon
 p - 2 scrolls of blinking
 r - a scroll of amnesia {unknown}
 s - a scroll of fear {unknown}
 u - 3 scrolls of identify {unknown}
Potions
 c - a potion of heal wounds {unknown}
 f - a potion of mutation {unknown}
 i - 3 potions of curing {unknown}
 k - 5 potions of flight {unknown}
 m - a potion of cancellation {unknown}
 n - 2 potions of ambrosia {unknown}
 q - a potion of brilliance {unknown}
 z - a potion of might {unknown}
 D - a potion of magic {unknown}


   Skills:
 + Level 7.9 Fighting
 * Level 9.8 Maces & Flails
 + Level 7.5 Armour
 + Level 5.6 Dodging


You had 9 spell levels left.
You didn't know any spells.
Your spell library was empty.

Dungeon Overview and Level Annotations

Branches:
Dungeon (8/15)             Temple (0/1) D:4            Lair (0/5) D:8
 Bailey (1/1)

Altars:
Nemelex Xobeh
Vehumet
Zin

Shops:
D:7 :

Annotations:
D:3 1 runed translucent door, Zanecoolhand's ghost, amateur DrAE


Innate Abilities, Weirdness & Mutations

You are immune to sickness and miasma.
Your stone body is resilient. (AC +7)
You are immune to poison.
You resist negative energy. (rN+)
You are resistant to electric shocks. (rElec)
You are resistant to unholy torment.
You are immune to petrification.


Message History

You miss something. Something hits you. Something bites you but does no damage.
You puncture something! Something barely misses you.
Something bites you but does no damage.
You closely miss something. Something hits you.
Something bites you but does no damage.
You hit something but do no damage. Something hits you but does no damage.
Something bites you!
You hit something but do no damage. You closely miss something.
Something hits you. Something bites you.
You barely miss something. Something hits you!
Something bites you but does no damage.
You hit something but do no damage. Something hits you but does no damage.
Something bites you but does no damage.
You closely miss something. Something hits you.
Something bites you but does no damage.
You barely miss something. You closely miss something. Something hits you!
Something bites you but does no damage.
You barely miss something.
You hear some strange, mumbled words.
Something tries to affect you, but you resist.
Your skin crawls.
You feel strong-willed.
You can no longer call in reinforcements.
Something barely misses you. Something bites you but does no damage.
A red film seems to cover your vision as you go berserk!
You feel yourself moving faster!
You feel mighty! Something hits you.
* * * LOW HITPOINT WARNING * * *
Something bites you.
* * * LOW HITPOINT WARNING * * *
You barely miss something. Something hits you but does no damage.
Something bites you.
* * * LOW HITPOINT WARNING * * *
You barely miss something. You sock something!
Something hits you but does no damage. Something bites you!
* * * LOW HITPOINT WARNING * * *
You miss something. Something hits you!
* * * LOW HITPOINT WARNING * * *
Something bites you!
You die...

##### ##....######
#### #[...{.##.8####
+..#
#.@.#..#8..#####))#
##..'..#.......##'#
#..'..#...........
#...#..#..♣♣.......
!.....##..#.........♣.
#8...##...#........♣..
######....##..........
#..)....##..)......
#...##)).##)♣......


There were no monsters in sight!

Vanquished Creatures
  A gargoyle (Bailey)
  A komodo dragon (D:8)
  Grinder (D:4)
  A steam dragon (D:6)
  Edmund (D:6)
  An acid dragon (D:6)
  2 orc warriors (D:8)
  4 ice beasts
  4 black bears
  2 ogres (D:6)
  4 centaurs
  A phantom (D:7)
  A kobold brigand (D:7)
  4 bullfrogs
  A scorpion (D:6)
  8 wights
  3 killer bees (D:7)
  3 howler monkeys
  An orc priest (D:4)
  A hound (D:5)
  3 jellies
  3 iguanas
  Jessica (D:3)
  2 sleepcaps
  An orc wizard (D:4)
  6 adders
  3 white imps
  3 worms
  7 dart slugs
  12 orcs
  6 ball pythons
  10 endoplasms
  3 giant cockroaches (D:1)
  10 goblins
  5 hobgoblins
  9 kobolds
  2 quokkas
  5 bats
  2 frilled lizards
  10 orc zombies (Bailey)
  5 rats
153 creatures vanquished.

Vanquished Creatures (others)
  4 plants (D:8)
4 creatures vanquished.

Grand Total: 157 creatures vanquished

Notes
Turn   | Place    | Note
-------+----------+-------------------------------------------
     0 | D:1      | a11behringer the Gargoyle Berserker began the quest for the
                  | Orb.
     0 | D:1      | Reached XP level 1. HP: 14/14 MP: 1/1
    85 | D:1      | Reached XP level 2. HP: 6/19 MP: 2/2
   477 | D:1      | Reached XP level 3. HP: 23/23 MP: 3/3
   781 | D:2      | Found a radiant altar of Vehumet.
   800 | D:2      | Reached ** piety under Trog
  1470 | D:3      | Noticed Jessica
  1475 | D:3      | Reached XP level 4. HP: 26/29 MP: 4/4
  1484 | D:3      | Killed Jessica
  1485 | D:3      | Reached skill level 4 in Maces & Flails
  1603 | D:3      | Found a runed translucent door.
  1604 | D:3      | Noticed Zanecoolhand's ghost (amateur DrAE)
  1708 | D:3      | Found a faded altar of an unknown god.
  1727 | D:3      | Reached XP level 5. HP: 33/33 MP: 5/5
  2107 | D:4      | Found a staircase to the Ecumenical Temple.
  2255 | D:4      | Upgraded the game from 0.30-a0-1074-g5db6f66fbb to
                  | 0.30-a0-1094-g860fb061e7
  2266 | D:4      | Noticed Grinder
  2271 | D:4      | Paralysed by Grinder for 2 turns
  2283 | D:4      | Killed Grinder
  2284 | D:4      | Reached skill level 5 in Maces & Flails
  2284 | D:4      | Reached XP level 6. HP: 33/39 MP: 6/6
  2528 | D:4      | Reached XP level 7. HP: 44/44 MP: 7/7
  2632 | D:5      | Entered Level 5 of the Dungeon
  2650 | D:5      | Reached skill level 5 in Fighting
  2763 | D:5      | Reached skill level 6 in Maces & Flails
  3381 | D:6      | Reached XP level 8. HP: 47/49 MP: 8/8
  3402 | D:6      | Reached skill level 5 in Armour
  3529 | D:6      | Reached skill level 7 in Maces & Flails
  3768 | D:6      | Reached *** piety under Trog
  3919 | D:6      | Noticed Edmund
  3929 | D:6      | Reached XP level 9. HP: 31/56 MP: 9/9
  3931 | D:6      | Killed Edmund
  4099 | D:6      | Reached skill level 8 in Maces & Flails
  4119 | D:6      | Found a glowing silver altar of Zin.
  4119 | D:6      | Noticed an angel
  4651 | D:7      | Found a sparkling altar of Nemelex Xobeh.
  4752 | D:7      | Found Omorec's Self-Improvement Boutique.
  5028 | D:7      | Reached skill level 5 in Dodging
  5260 | D:7      | Reached skill level 9 in Maces & Flails
  5601 | D:8      | Found a staircase to the Lair.
  5602 | D:8      | Noticed a komodo dragon
  5624 | D:8      | Killed a komodo dragon
  5625 | D:8      | Reached XP level 10. HP: 63/63 MP: 10/10
  5774 | D:8      | Found a flagged portal.
  5866 | Bailey   | Entered a bailey
  6020 | Bailey   | Noticed a gargoyle
  6028 | Bailey   | Killed a gargoyle
  6028 | Bailey   | Reached **** piety under Trog
  6061 | Bailey   | Slain by a vampire

Illustrated notes

Levels and vault maps discovered:
D:1:      dpeg_arrival_castle, layout_rooms, skrybe_limestone_x
D:2:      layout_loops_ring, basic_altar, chequers_serial_rivers_large_a,
          kennysheep_generic_room_4
D:3:      layout_rooms, ebering_ecumenical_altar_abandoned,
          ebering_ghost_reflecting_pool, uniq_jessica
D:4:      layout_gridville, temple_pool_b, uniq_grinder
D:5:      layout_basic
D:6:      layout_basic, zin_angel, uniq_edmund
D:7:      layout_basic, nemelex_spade_bored_becter, nicolae_shop_self_help
D:8:      layout_basic, david_lair_shrubbed, enter_bailey_5, uniq_grum
Bailey:   bailey_polearm_vampire_castle_hellmonk, bailey

Skill      XL: |  1  2  3  4  5  6  7  8  9 |
---------------+----------------------------+-----
Dodging        | 2 3 4 5 |  5.6
Maces & Flails | 4 5 6 7 9 |  9.8
Armour         | 3 4 5 7 |  7.5
Fighting       | 4 5 6 7 |  7.9

Action                     |  1- 3 |  4- 6 |  7- 9 | 10-12 || total
---------------------------+-------+-------+-------+-------++-------
  Melee: Mace              |   134 |   109 |   196 |    15 ||   454
         Punch             |     1 |       |     1 |       ||     2
         Dire flail        |       |       |       |   142 ||   142
 Invoke: Berserk           |     1 |     4 |     5 |     2 ||    12
         Trog's Hand       |       |     2 |       |     2 ||     4
    Use: Scroll            |       |     5 |     1 |       ||     6
 Armour: Animal skin       |    13 |       |       |       ||    13
         Leather armour    |    38 |    61 |    39 |       ||   138
         Plate armour      |       |       |   210 |   107 ||   317
  Dodge: Dodged            |   106 |   115 |   234 |    98 ||   553

Table legend: (Time is in decaauts)
 A = Elapsed time spent in this place.
 B = Non-inter-level travel time spent in this place.
 C = Inter-level travel time spent in this place.
 D = Time resting spent in this place.
 E = Time spent auto-exploring this place.
 F = Levels seen in this place.
 G = Mean time per level.
                   A        B        C        D        E       F      G
               +--------+--------+--------+--------+--------+-----+--------+
         Total |   6334 |   6002 |    332 |      0 |   4726 |   9 |  703.8 |
       Dungeon |   6150 |   5818 |    332 |      0 |   4625 |   8 |  768.8 |
        Bailey |    184 |    184 |      0 |      0 |    101 |   1 |  184.0 |
               +--------+--------+--------+--------+--------+-----+--------+

Top non-repeatable levels by time:
     D:6: 1223 daAuts
     D:7: 1108 daAuts
     D:4: 815 daAuts
     D:2: 789 daAuts
     D:5: 754 daAuts
     D:1: 724 daAuts
     D:3: 455 daAuts
     D:8: 278 daAuts
  Bailey: 184 daAuts
